 Dungeon Crawl Stone Soup version 0.28-a0-845-gfc338a8e3c (webtiles) character file.

Game seed: 12649723690987018538

46 bande the Skirmisher (level 3, -8/24 HPs)
             Began as a Gargoyle Fighter on Nov 13, 2021.
             Mangled by an ogre (28 damage)
             ... on level 2 of the Dungeon.
             The game lasted 00:01:51 (1132 turns).

bande the Skirmisher (Gargoyle Fighter)             Turns: 1132, Time: 00:01:52

Health: -8/24      AC: 16    Str: 20    XL:     3   Next: 68%
Magic:  3/3        EV:  6    Int:  8    God:
Gold:   66         SH:  4    Dex:  9    Spells: 2/2 levels left

rFire   . . .      SeeInvis .   a - +0 war axe
rCold   . . .      Faith    .   c - +0 buckler
rNeg    + . .      Spirit   .   g - +0 plate armour
rPois   ∞          Reflect  .   i - +0 helmet
rElec   +          Harm     .   (no cloak)
rCorr   .          Rampage  .   (no gloves)
Will    .....                   (no boots)
Stlth   ..........              (no amulet)
HPRegen 0.08/turn               (no ring)
MPRegen 0.08/turn               (no ring)

@: no status effects
A: sickness immunity, AC +3, negative energy resistance 1, electricity
resistance, torment resistance 1, petrification resistance
a: no special abilities


You were on level 2 of the Dungeon.
You visited 1 branch of the dungeon, and saw 2 of its levels.

You collected 66 gold pieces.

Inventory:

Hand Weapons
 a - a +0 war axe (weapon)
Armour
 c - a +0 buckler (worn)
 g - a +0 plate armour (worn)
 i - a +0 helmet (worn)
Scrolls
 h - a scroll of identify
Potions
 b - a potion of berserk rage
 d - a potion of might
 e - a potion of curing
 f - a potion of heal wounds {unknown}


   Skills:
 + Level 3.9 Fighting
 + Level 2.1 Axes
 + Level 3.9 Armour
 + Level 3.7 Shields


You had 2 spell levels left.
You didn't know any spells.
Your spell library was empty.

Dungeon Overview and Level Annotations

Branches:
Dungeon (2/15)

Altars:

Shops:
D:1 =


Innate Abilities, Weirdness & Mutations

You are immune to sickness and miasma.
Your stone body is resilient. (AC +3)
You are immune to poison.
You resist negative energy. (rN+)
You are resistant to electric shocks. (rElec)
You are resistant to unholy torment.
You are immune to petrification.


Message History

You hit the giant cockroach but do no damage.
The giant cockroach bites you but does no damage.
Your plate armour prevents you from hitting the giant cockroach.
The giant cockroach bites you but does no damage.
You block the giant cockroach's attack.
You slash the giant cockroach!
You kill the giant cockroach!
No target in view!
No target in view!
No target in view!
No target in view!
No target in view!
No target in view!
HP restored.
Found a short sword.
Found a stone staircase leading down.
No target in view!
You now have 66 gold pieces (gained 19).
An adder comes into view.
The adder hisses angrily.
An adder is nearby!
An ogre comes into view. It is wielding a +0 giant spiked club.
The ogre shouts!
You block the adder's attack.
You miss the adder. The adder bites you but does no damage.
The adder closely misses you.
You completely miss the adder. The adder bites you. x2
You barely miss the adder. The adder closely misses you.
The adder barely misses you.
You slash the ogre!
The ogre is heavily wounded.
You miss the adder. The adder barely misses you.
The ogre hits you with a +0 giant spiked club.
The adder completely misses you.
You slash the ogre!
The ogre is severely wounded.
You hit the adder but do no damage.
The ogre hits you with a +0 giant spiked club!!
Ouch! That really hurt!
You die...

.. .# ##.# # # ... #.#.
#.# .....###.##
#..#..O...# ......S@..#
#.#######.## #######
#...# #. ...### #...#
#.###.#.. #...#
#.#.....# #...#
#.#.#....
#...#####.))).###
#.........#.#.# #
########....####.#)#.###


You could see an ogre and an adder.

Vanquished Creatures
  Robin (D:2)
  A gnoll (D:1)
  A dart slug (D:1)
  2 endoplasms (D:1)
  2 giant cockroaches
  4 hobgoblins
  A quokka (D:1)
  2 frilled lizards
  6 goblins (D:2)
  3 kobolds
23 creatures vanquished.

Notes
Turn   | Place    | Note
-------+----------+-------------------------------------------
     0 | D:1      | bande the Gargoyle Fighter began the quest for the Orb.
     0 | D:1      | Reached XP level 1. HP: 14/14 MP: 1/1
   296 | D:1      | Found Ystrig's Jewellery Shoppe.
   324 | D:1      | Reached XP level 2. HP: 15/19 MP: 2/2
   419 | D:1      | Found a faded altar of an unknown god.
   900 | D:2      | Reached XP level 3. HP: 24/24 MP: 3/3
   987 | D:2      | Noticed Robin
   999 | D:2      | Killed Robin
  1126 | D:2      | Noticed an ogre
  1132 | D:2      | Mangled by an ogre

Illustrated notes

Levels and vault maps discovered:
D:1:      evilmike_arrival_hilbert_curve, layout_basic, serial_shops, shop,
          ebering_ecumenical_altar_ruins
D:2:      layout_loops_cross, minmay_domino_2, uniq_natasha, uniq_robin

Skill      XL: |  1  2 |
---------------+-------+-----
Axes           | 2 |  2.1
Fighting       | |  3.9
Armour         | |  3.9
Shields        | |  3.7

Action                   || total
-------------------------++-------
Melee: War axe           ||    91
  Use: Scroll            ||     3
Armor: Plate armour      ||    76
       Scale mail        ||     1
Dodge: Dodged            ||    29
Block: Buckler           ||    18

Table legend: (Time is in decaauts)
 A = Elapsed time spent in this place.
 B = Non-inter-level travel time spent in this place.
 C = Inter-level travel time spent in this place.
 D = Time resting spent in this place.
 E = Time spent auto-exploring this place.
 F = Levels seen in this place.
 G = Mean time per level.
                   A        B        C        D        E       F      G
               +--------+--------+--------+--------+--------+-----+--------+
         Total |   1169 |   1169 |      0 |      3 |    911 |   2 |  584.5 |
       Dungeon |   1169 |   1169 |      0 |      3 |    911 |   2 |  584.5 |
               +--------+--------+--------+--------+--------+-----+--------+

Top non-repeatable levels by time:
     D:1: 915 daAuts
     D:2: 253 daAuts
